 Seeded DCSS version 0.28.0-62-gf88900778d (webtiles) character file.

Game seed: 8930047929319792588 (custom seed)

28 cbfl8 the Skirmisher (level 2, 0/24 HPs)
             Began as a Demonspawn Fighter on July 4, 2023.
             Succumbed to an adder's poison
             ... on level 2 of the Dungeon.
             The game lasted 00:00:36 (949 turns).

cbfl8 the Skirmisher (Demonspawn Fighter)            Turns: 949, Time: 00:00:37

Health: 0/24       AC:  6    Str: 16    XL:     2   Next: 96%
Magic:  2/2        EV:  8    Int:  9    God:
Gold:   81         SH:  4    Dex: 12    Spells: 1/1 levels left

rFire   . . .      SeeInvis .   a - +0 war axe
rCold   . . .      Faith    .   c - +0 buckler
rNeg    . . .      Spirit   .   b - +0 scale mail
rPois   .          Reflect  .   (no helmet)
rElec   .          Harm     .   (no cloak)
rCorr   .          Rampage  .   (no gloves)
Will    .....                   (no boots)
Stlth   ..........              (no amulet)
HPRegen 0.08/turn               (no ring)
MPRegen 0.16/turn               (no ring)

@: mighty, lethally poisoned (0 -> -2)
A: magic regeneration
a: no special abilities


You were on level 2 of the Dungeon.
You visited 1 branch of the dungeon, and saw 2 of its levels.

You collected 81 gold pieces.

Inventory:

Hand Weapons
 a - a +0 war axe (weapon)
Armour
 b - a +0 scale mail (worn)
 c - a +0 buckler (worn)
Scrolls
 e - a scroll of identify
 f - a scroll of fog {unknown}


   Skills:
 + Level 3.1 Fighting
 + Level 1.7 Axes
 + Level 3.1 Armour
 + Level 2.8 Shields
 * Level 1.7 Evocations


You had one spell level left.
You didn't know any spells.
Your spell library was empty.

Dungeon Overview and Level Annotations

Branches:
Dungeon (2/15)

Altars:


Innate Abilities, Weirdness & Mutations

You regenerate magic rapidly.


Message History

The adder is severely wounded.
You feel sick. You block the adder's attack. The adder bites you.
You barely miss the adder.
The adder is severely wounded.
You feel sick. The adder barely misses you. The adder closely misses you.
You miss the adder.
The adder is severely wounded.
You feel sick.
You are no longer poisoned.
The adder bites you.
You are too injured to fight recklessly!
You are too injured to fight recklessly!
You are too injured to fight recklessly!
You are too injured to fight recklessly!
You closely miss the adder.
The adder is severely wounded.
The adder closely misses you. The adder completely misses you.
You barely miss the adder.
The adder is severely wounded.
The adder bites you but does no damage. The adder bites you.
You miss the adder.
The adder is severely wounded.
The adder bites you but does no damage. x2
You miss the adder.
The adder is severely wounded.
The adder bites you.
* * * LOW HITPOINT WARNING * * *
You are lethally poisoned!
The adder poisons you! The adder barely misses you.
You slash the adder!
You kill the adder!
* * * LOW HITPOINT WARNING * * *
You feel sick.
Okay, then.
You feel very mighty all of a sudden.
* * * LOW HITPOINT WARNING * * *
You feel sick.
* * * LOW HITPOINT WARNING * * *
You feel sick.
You die...

#...........#.#
#........#..........†#.#
.........#...........#.#
#........#.........#...#
#........#...########..#
#........#...# #..#
#........#...###### #..#
#.....†..#........# ##.#
.<>....@##[.......# #>#
..................# #.#
........####......# #.#
........# #......# #.#
........# #......# #.#
##......# #......####.#
#......# #...........#
######## #......######
#######......


There were no monsters in sight!

Vanquished Creatures
  An adder (D:2)
  2 ball pythons (D:1)
  4 endoplasms (D:1)
  A giant cockroach (D:1)
  A quokka (D:2)
  3 bats (D:1)
  2 frilled lizards (D:1)
  A goblin (D:1)
  3 kobolds (D:1)
  2 rats (D:1)
20 creatures vanquished.

Notes
Turn   | Place    | Note
-------+----------+-------------------------------------------
     0 | D:1      | cbfl8 the Demonspawn Fighter began the quest for the Orb.
     0 | D:1      | Reached XP level 1. HP: 18/18 MP: 1/1
   552 | D:1      | Gained mutation: You regenerate magic rapidly. [demonic
                  | ancestry]
   552 | D:1      | Reached XP level 2. HP: 24/24 MP: 2/2
   603 | D:1      | Reached skill level 1 in Evocations
   948 | D:2      | HP: 1/24 [poisoned by an adder]
   949 | D:2      | Succumbed to an adder's poison

Illustrated notes

Levels and vault maps discovered:
D:1:      mrwooster_arrival_statue_2, layout_rooms
D:2:      layout_basic, basic_ecumenical_altar

Skill      XL: |  1  2 |
---------------+-------+-----
Evocations     | 1 |  1.7
Armour         | 3 |  3.1
Fighting       | |  3.1
Axes           | |  1.7
Shields        | |  2.8

Action                   || total
-------------------------++-------
Melee: War axe           ||    52
  Use: Scroll            ||     1
       Potion            ||     1
Armor: Scale mail        ||    38
Dodge: Dodged            ||    35
Block: Buckler           ||    13
